 Dungeon Crawl Stone Soup version 0.31-a0-188-g5e087ee2ca (webtiles) character file.

Game seed: 5969101404545281148

147555 MacCMillion the Thaumaturge (level 17, -4/117 HPs)
             Began as a Gnoll Ice Elementalist on June 23, 2023.
             Was a High Priest of Hepliaklqana.
             Slain by a black mamba (13 damage)
             ... led by a naga ritualist
             ... on level 2 of the Lair of Beasts.
             The game lasted 01:39:52 (44301 turns).

MacCMillion the Thaumaturge (GnIE)                 Turns: 44301, Time: 01:39:52

Health: -4/117     AC: 23    Str:  7    XL:     17   Next: 47%
Magic:  31/33      EV: 17    Int: 33    God:    Hepliaklqana [*****.]
Gold:   1332       SH: 13    Dex: 19    Spells: 14/41 levels left

rFire   + . .        o - +5 demon trident (elec)
rCold   + + +        L - +0 kite shield {rC+}
rNeg    . . .        F - +1 leather armour {rPois}
rPois   +            D - +2 helmet
rElec   .            J - scarf {rC+ rF+}
rCorr   .            E - +3 pair of gloves of Qyrahilyila {rC+}
SInv    .            a - -1 pair of boots of the Gloaming {rC+ Dex+4}
Will    +....        (no amulet)
Stlth   +++++        G - +6 ring of intelligence
HPRegen 0.39/turn    f - +6 ring of intelligence
MPRegen 0.23/turn

%: no passive effects
@: ice-armoured
A: reduced essence, fangs 1, strong nose, distributed training
a: Renounce Religion, Recall Ancestor, Ancestor Identity, Transference, Idealise


You were on level 2 of the Lair of Beasts.
You worshipped Hepliaklqana.
Hepliaklqana was extremely pleased with you.
You visited 5 branches of the dungeon, and saw 24 of its levels.
You also visited: Sewer, Bailey and Ice Cave.

You collected 2186 gold pieces.
You spent 854 gold pieces at shops.

Inventory:

Hand Weapons
 o - a +5 demon trident of electrocution (weapon)
 s - a +2 short sword of electrocution
Missiles
 u - 32 boomerangs
 N - a curare-tipped dart
 Z - 10 javelins
Armour
 a - the -1 pair of boots of the Gloaming (worn) {rC+ Dex+4}
   (You acquired it on level 11 of the Dungeon)

   Dex:       It affects your dexterity (+4).
   rC:        It protects you from cold.
 D - a +2 helmet (worn)
 E - the +3 pair of gloves of Qyrahilyila (worn) {rC+}
   (You acquired it on level 2 of the Lair of Beasts)

   rC:        It protects you from cold.
 F - a +1 leather armour of poison resistance (worn)
 J - a scarf of resistance (worn)
 L - a +0 kite shield of cold resistance (worn)
Jewellery
 f - a +6 ring of intelligence (right hand)
 m - a ring of fire
 y - a ring of see invisible
 G - a +6 ring of intelligence (left hand)
 K - a ring of positive energy
 O - a ring of willpower
 V - the ring "Ereydo" {rC+ Str+6}
   (You found it on level 9 of the Dungeon)

   [ring of strength]

   Str:       It affects your strength (+6).
   rC:        It protects you from cold.
 X - a ring of positive energy
 Y - a ring of magical power
Wands
 v - a wand of roots (25)
 z - a wand of digging (9)
 U - a wand of mindburst (19)
Scrolls
 c - 3 scrolls of teleportation
 e - 3 scrolls of vulnerability
 g - 7 scrolls of enchant armour
 j - 3 scrolls of fog
 l - 2 scrolls of revelation
 n - 4 scrolls of fear
 q - a scroll of torment
 w - a scroll of blinking
 B - 2 scrolls of amnesia
 H - 3 scrolls of immolation
 Q - a scroll of brand weapon {unknown}
 R - 3 scrolls of enchant weapon {unknown}
 S - 2 scrolls of poison {unknown}
 T - 2 scrolls of silence
Potions
 b - 5 potions of magic
 d - 8 potions of might
 h - 5 potions of ambrosia
 i - a potion of degeneration {unknown}
 k - 8 potions of curing
 p - 3 potions of brilliance
 r - 4 potions of cancellation
 x - 3 potions of enlightenment
 A - 2 potions of haste
 C - 5 potions of mutation
 I - a potion of berserk rage
 M - 4 potions of attraction
 P - 5 potions of heal wounds
 W - a potion of resistance {unknown}


   Skills:
 + Level 11.5 Fighting
 + Level 11.5 Short Blades
 + Level 11.5 Long Blades
 + Level 11.5 Axes
 + Level 11.5 Maces & Flails
 + Level 11.5 Polearms
 + Level 11.5 Staves
 + Level 11.5 Ranged Weapons
 + Level 11.5 Throwing
 + Level 11.5 Armour
 + Level 12.4 Dodging
 + Level 12.2 Stealth
 + Level 11.5 Shields
 + Level 11.5 Unarmed Combat
 + Level 12.5 Spellcasting
 + Level 9.7 Conjurations
 + Level 9.7 Hexes
 + Level 9.7 Summonings
 + Level 9.7 Necromancy
 + Level 9.7 Translocations
 + Level 9.7 Transmutations
 + Level 9.7 Fire Magic
 + Level 12.0 Ice Magic
 + Level 9.7 Air Magic
 + Level 9.7 Earth Magic
 + Level 9.7 Poison Magic
 + Level 12.5 Invocations
 + Level 11.5 Evocations


You had 14 spell levels left.
You knew the following spells:

 Your Spells              Type           Power      Damage    Failure   Level
a - Freeze                Ice            100%       1d10      1%          1
b - Frozen Ramparts       Ice            100%       1d16      1%          3
c - Ozocubu's Armour      Ice            79%        N/A       1%          3
d - Summon Ice Beast      Ice/Summ       75%        N/A       1%          4
e - Freezing Cloud        Conj/Ice/Air   37%        6-21      3%          5
f - Simulacrum            Ice/Necr       37%        N/A       19%         6
g - Summon Forest         Summ/Tloc      35%        N/A       5%          5

Your spell library contained the following spells:

 Spells                   Type           Power      Damage    Failure   Level
 Apportation              Tloc           100%       N/A       1%          1
 Kiss of Death            Conj/Necr      100%       2d13      1%          1
 Necrotise                Necr           100%       1d9       1%          1
 Shock                    Conj/Air       100%       1d9       1%          1
 Summon Small Mammal      Summ           100%       N/A       1%          1
 Poisonous Vapours        Pois/Air       100%       N/A       1%          2
 Confusing Touch          Hex            71%        N/A       1%          3
 Gell's Gravitas          Tloc           71%        N/A       1%          3
 Mephitic Cloud           Conj/Pois/Air  71%        N/A       1%          3
 Swiftness                Air            71%        N/A       1%          3
 Teleport Other           Tloc           71%        N/A       1%          3
 Vhi's Electric Charge    Tloc/Air       100%       N/A       1%          3
 Airstrike                Air            35%        2d(6-22)  1%          4
 Dispel Undead            Necr           71%        3d24      1%          4
 Alistair's Intoxication  Tmut/Pois      47%        N/A       5%          5
 Arcjolt                  Conj/Air       35%        1d45      5%          5
 Dispersal                Tloc           35%        N/A       28%         6
 Eringya's Noxious Bog    Tmut/Pois      35%        N/A       28%         6
 Plasma Beam              Fire/Air       35%        2x1d49    28%         6
 Ozocubu's Refrigeration  Ice            39%        4d16      52%         7
 Summon Hydra             Summ           35%        N/A       85%         7
 Polar Vortex             Ice            39%        N/A       100%        9


Dungeon Overview and Level Annotations

Branches:
Dungeon (15/15) Temple (1/1) D:6 Lair (5/5) D:8 Swamp (0/4) Lair:3 Snake (1/4) Lair:2 Slime (0/5) Lair:4 Orc (2/2) D:9 Elf (0/3) Orc:2 Vaults (0/5) D:12 D:13 Depths (0/4) D:15 Sewer (visited) Bailey (visited) IceCv (visited)

Altars:
Ashenzari
Cheibriados
Dithmenos
Elyvilon
Fedhas
Gozag
Hepliaklqana
Kikubaaqudgha
Makhleb
Nemelex Xobeh
Okawaru
Qazlal
Ru
Sif Muna
Trog
Uskayaw
Vehumet
Wu Jian
Xom
Yredelemnul
Zin
The Shining One

Shops:
D:7 :   Orc:2 =*([*

Annotations:
D:2 Sigmund
D:6 1 exclusion
D:9 3 runed translucent doors, MrShunz's ghost, novice VSBr
Lair:1 3 runed translucent doors, Beaer's ghost, novice SpEE


Innate Abilities, Weirdness & Mutations

Your life essence is reduced to manifest your ancestor. (-10% HP)
You have very sharp teeth.
Your uncanny sense of smell can sniff out nearby items.
Your experience applies equally to all skills.


Message History

The black mamba bites you but does no damage.
The naga warrior hits you with a +0 dire flail!
* * * LOW HITPOINT WARNING * * *
The naga warrior constricts you.
* * * LOW HITPOINT WARNING * * *
Zolin hits the naga warrior with a +0 broad axe of flaming!
Zolin burns the naga warrior.
The naga warrior dies!
Zolin misses the black mamba.
Zolin hits the black mamba with a +0 broad axe of flaming!
Zolin burns the black mamba.
The black mamba bites you but does no damage.
You block the black mamba's attack.
You hit the black mamba but do no damage.
The black mamba is heavily wounded.
The black mamba bites you!
* * * LOW HITPOINT WARNING * * *
The black mamba barely misses you.
The black mamba bites you but does no damage.
The black mamba closely misses you.
Zolin completely misses the black mamba.
Zolin hits the black mamba with a +0 broad axe of flaming!
Zolin burns the black mamba.
You completely miss the black mamba.
The black mamba is almost dead.
The black mamba misses you. The black mamba bites you.
* * * LOW HITPOINT WARNING * * *
You are lethally poisoned!
The black mamba poisons you! You block the black mamba's attack.
You feel better. You block the black mamba's attack.
The black mamba closely misses you. The black mamba bites you!
* * * LOW HITPOINT WARNING * * *
Zolin closely misses the black mamba.
Zolin hits the black mamba with a +0 broad axe of flaming.
Zolin burns the black mamba.
You puncture the black mamba!
The black mamba is lightly wounded.
The black mamba bites you but does no damage.
You block the black mamba's attack. The black mamba bites you!
You die...

..## #.....## #....# ##....
...# ###P...# #..### ##...
..## #P..## #...## ##.. ..#
##..P###....# ##. ..#
##...##..### #.. ..#
#..##...# ### ##. ..# ###
##.....#### ##.# #. ..#
##.###P..S...#.###.## #. ..#
###...#P..P@R....#....## #.
..####..........)S#.........#
##.
...........##...#.#..P#....##
#..
P.##..#######...####.#####.#
#.. ..##### ##..P##..## #R.#
#.. #.## ##...##...###.## ##.
##.# #...####....### ##. ####
##..## ##...P## ##.. ..#
#...## ##....####...


You could see the friendly Zolin the knight and 2 black mambas.

Vanquished Creatures
  Saint Roka (Orc:2)
  Rupert (D:12)
  Kirke (D:13)
  Gastronok (Lair:1)
  Azrael (D:12)
  Snorg (D:11)
  2 rakshasas
  7 hydras
  An ogre mage (D:14)
  7 two-headed ogres
  2 boulder beetles
  5 death yaks
  2 centaur warriors
  2 tengu warriors
  An orc high priest (Orc:2)
  Amaemon (D:9)
  2 skeletal warriors (D:15)
  A flayed ghost (D:15)
  A deep troll (Lair:2)
  2 wizards
  3 orc knights
  8 ugly things
  2 orc sorcerers (Orc:2)
  A cyclops (D:11)
  A manticore (D:12)
  11 black mambas
  9 elephants (Lair:3)
  An orange demon (D:9)
  2 ice statues (IceCv)
  3 gargoyles
  2 unseen horrors
  8 cane toads
  A kobold demonologist (D:11)
  A rime drake (Lair:4)
  7 komodo dragons
  A yaktaur (D:15)
  A troll (D:9)
  3 meliai (D:14)
  2 polar bears (Lair:5)
  5 hornets
  A queen bee (D:14)
  7 dream sheep
  5 blink frogs
  3 shadows
  5 wyverns
  A slime creature (Lair:4)
  2 vampires
  A hog (D:13)
  13 spriggans (Lair:5)
  2 fire elementals (D:12)
  3 basilisks
  2 wraiths
  41 yaks
  9 humans
  Grum (D:9)
  8 vampire mosquitoes
  4 wargs
  4 acid dragons
  16 water moccasins
  Pargi (Sewer)
  22 orc warriors
  2 ice beasts
  9 black bears
  2 sky beasts (D:8)
  A boggart (Lair:5)
  17 wolves
  5 ogres
  5 centaurs
  3 phantoms
  4 kobold brigands
  8 bullfrogs
  A gnoll sergeant (D:5)
  5 scorpions
  A cane toad simulacrum (IceCv)
  36 killer bees
  3 howler monkeys
  7 wolf zombies (Bailey)
  4 electric eels
  8 vampire bats (Bailey)
  2 hounds
  6 jellies
  10 orc priests
  2 sleepcaps
  7 iguanas
  Crazy Yiuf (D:2)
  13 orc wizards
  10 adders
  4 gnolls
  8 white imps
  An ufetubus (D:6)
  5 worms
  2 dart slugs
  59 orcs
  5 endoplasms
  4 giant cockroaches
  10 goblins
  13 hobgoblins
  9 jackals
  6 quokkas
  8 ball pythons
  5 bats (D:2)
  8 frilled lizards
  33 kobolds
  20 orc zombies (Bailey)
  8 rats
645 creatures vanquished.

Vanquished Creatures (collateral kills)
  A hydra (Lair:2)
  2 centaur warriors
  4 two-headed ogres
  2 boulder beetles
  4 death yaks
  A naga warrior (Lair:2)
  Urug (D:13)
  A storm dragon zombie (D:15)
  A tengu zombie (D:15)
  An orc knight (Orc:2)
  A necromancer (D:15)
  4 ugly things
  A stone giant zombie (D:15)
  2 manticores
  4 cyclopes
  A frost giant zombie (D:15)
  A gargoyle (D:11)
  4 cane toads
  A kobold demonologist (D:11)
  5 komodo dragons
  A rime drake (shapeshifter) (D:13)
  A rime drake (Lair:3)
  An efreet (D:15)
  A tengu conjurer (D:13)
  4 trolls
  A hornet (Lair:5)
  3 polar bears
  2 blink frogs
  5 dream sheep
  A slime creature (Lair:4)
  A shadow (D:13)
  A vampire (D:14)
  5 wyverns
  2 spriggans (Lair:5)
  2 wraiths
  3 basilisks
  3 fire elementals (D:12)
  15 yaks
  8 humans
  A death yak simulacrum (IceCv)
  6 vampire mosquitoes
  4 nagas (Snake:1)
  6 water moccasins
  An acid dragon (D:12)
  2 hell hounds (D:12)
  6 orc warriors
  2 black bears
  5 ogres
  2 boggarts (Lair:5)
  8 wolves (Lair:5)
  2 centaurs (D:15)
  2 bullfrogs
  5 killer bees
  3 electric eels (D:9)
  A howler monkey (D:10)
  2 orc priests (Orc:2)
  6 orc wizards
  A wolf simulacrum (IceCv)
  7 white imps
  5 orcs
  A butterfly (Lair:4)
180 creatures vanquished.

Vanquished Creatures (others)
  A vampire (D:13)
  16 knights
  5 ancestors
  A snaplasher vine (Snake:1)
23 creatures vanquished.

Grand Total: 848 creatures vanquished

Notes
Turn   | Place    | Note
-------+----------+-------------------------------------------
     0 | D:1      | MacCMillion the Gnoll Ice Elementalist began the quest for
                  | the Orb.
     0 | D:1      | Reached XP level 1. HP: 13/13 MP: 6/6
   310 | D:1      | Reached XP level 2. HP: 19/19 MP: 5/7
   720 | D:1      | Reached skill level 5 in Spellcasting
   720 | D:1      | Reached XP level 3. HP: 9/25 MP: 1/9
   953 | D:1      | Learned a level 3 spell: Frozen Ramparts
   957 | D:1      | Learned a level 3 spell: Ozocubu's Armour
  1287 | D:2      | Identified the +1 trident "Soulaeri" {flame, Str+4}
  1299 | D:2      | Reached skill level 1 in Invocations
  1682 | D:2      | Reached skill level 1 in Fighting
  1682 | D:2      | Reached skill level 1 in Short Blades
  1682 | D:2      | Reached skill level 1 in Long Blades
  1682 | D:2      | Reached skill level 1 in Axes
  1682 | D:2      | Reached skill level 1 in Maces & Flails
  1682 | D:2      | Reached skill level 1 in Polearms
  1682 | D:2      | Reached skill level 1 in Staves
  1682 | D:2      | Reached skill level 1 in Ranged Weapons
  1682 | D:2      | Reached skill level 1 in Throwing
  1682 | D:2      | Reached skill level 1 in Armour
  1682 | D:2      | Reached skill level 1 in Shields
  1682 | D:2      | Reached skill level 1 in Unarmed Combat
  1682 | D:2      | Reached skill level 1 in Evocations
  1833 | D:2      | Reached XP level 4. HP: 32/32 MP: 8/11
  1862 | D:2      | Noticed Sigmund
  2123 | D:2      | Found a hazy altar of Hepliaklqana.
  2278 | D:3      | Reached skill level 1 in Conjurations
  2278 | D:3      | Reached skill level 1 in Hexes
  2278 | D:3      | Reached skill level 1 in Summonings
  2278 | D:3      | Reached skill level 1 in Necromancy
  2278 | D:3      | Reached skill level 1 in Translocations
  2278 | D:3      | Reached skill level 1 in Transmutations
  2278 | D:3      | Reached skill level 1 in Fire Magic
  2278 | D:3      | Reached skill level 1 in Air Magic
  2278 | D:3      | Reached skill level 1 in Earth Magic
  2278 | D:3      | Reached skill level 1 in Poison Magic
  2447 | D:3      | Found a glowing drain.
  2456 | Sewer    | Entered a sewer
  2616 | Sewer    | Noticed Pargi
  2622 | Sewer    | Killed Pargi
  2623 | Sewer    | Reached XP level 5. HP: 31/38 MP: 3/12
  2992 | D:3      | Found a glowing golden altar of the Shining One.
  3096 | D:3      | Reached XP level 6. HP: 44/44 MP: 6/13
  3250 | D:3      | Found a burning altar of Makhleb.
  3646 | D:2      | Found a runed translucent door.
  3647 | D:2      | Noticed Crazy Yiuf
  3655 | D:2      | Killed Crazy Yiuf
  3806 | D:4      | Reached skill level 5 in Dodging
  4526 | D:4      | Reached XP level 7. HP: 26/50 MP: 8/15
  4698 | D:4      | Found a hazy altar of Hepliaklqana.
  5284 | D:5      | Entered Level 5 of the Dungeon
  5322 | D:5      | Found an iron altar of Okawaru.
  5340 | D:5      | Reached skill level 5 in Stealth
  5571 | D:5      | Reached XP level 8. HP: 50/58 MP: 16/16
  6184 | D:5      | Noticed a yak
  7242 | D:5      | Killed a yak
  7243 | D:5      | Reached XP level 9. HP: 48/65 MP: 12/18
  7985 | D:6      | Learned a level 4 spell: Summon Ice Beast
  8398 | D:6      | Noticed a troll
  8466 | D:6      | Noticed a troll
  8565 | D:6      | Found a staircase to the Ecumenical Temple.
  8611 | Temple   | Entered the Ecumenical Temple
  9201 | D:6      | Reached skill level 5 in Invocations
  9248 | D:6      | Found a hide-covered altar of Uskayaw.
  9456 | D:7      | Identified the +2 robe of Hentuoz {Str+4 Dex+2}
  9731 | D:7      | Found a sparkling altar of Nemelex Xobeh.
 10260 | D:7      | Found Dadouz's Book Emporium.
 10522 | D:4      | Became a worshipper of Hepliaklqana the Forgotten
 10651 | D:8      | Noticed a komodo dragon
 10680 | D:8      | Reached skill level 5 in Fighting
 10680 | D:8      | Reached skill level 5 in Short Blades
 10680 | D:8      | Reached skill level 5 in Long Blades
 10680 | D:8      | Reached skill level 5 in Axes
 10680 | D:8      | Reached skill level 5 in Maces & Flails
 10680 | D:8      | Reached skill level 5 in Polearms
 10680 | D:8      | Reached skill level 5 in Staves
 10680 | D:8      | Reached skill level 5 in Ranged Weapons
 10680 | D:8      | Reached skill level 5 in Throwing
 10680 | D:8      | Reached skill level 5 in Armour
 10680 | D:8      | Reached skill level 5 in Shields
 10680 | D:8      | Reached skill level 5 in Unarmed Combat
 10680 | D:8      | Reached skill level 5 in Evocations
 10680 | D:8      | Reached XP level 10. HP: 69/74 MP: 14/20
 10698 | D:8      | Identified a scroll of acquirement
 10768 | D:8      | Found a snail-covered altar of Cheibriados.
 10948 | D:8      | Found a staircase to the Lair.
 11083 | D:8      | Found a flagged portal.
 11109 | Bailey   | Entered a bailey
 12719 | Bailey   | Noticed a gargoyle
 12734 | Bailey   | Killed a gargoyle
 13711 | D:9      | Noticed Grum
 13718 | D:9      | Reached skill level 5 in Conjurations
 13718 | D:9      | Reached skill level 5 in Hexes
 13718 | D:9      | Reached skill level 5 in Summonings
 13718 | D:9      | Reached skill level 5 in Necromancy
 13718 | D:9      | Reached skill level 5 in Translocations
 13718 | D:9      | Reached skill level 5 in Transmutations
 13718 | D:9      | Reached skill level 5 in Fire Magic
 13718 | D:9      | Reached skill level 5 in Air Magic
 13718 | D:9      | Reached skill level 5 in Earth Magic
 13718 | D:9      | Reached skill level 5 in Poison Magic
 13723 | D:9      | Reached XP level 11. HP: 63/81 MP: 19/22
 13907 | D:9      | Noticed a two-headed ogre
 13914 | D:9      | Killed a two-headed ogre
 13987 | D:9      | Found a staircase to the Orcish Mines.
 14621 | D:9      | Noticed Amaemon
 14654 | D:9      | Killed Amaemon
 15032 | D:9      | Identified the ring "Ereydo" {rC+ Str+6}
 15124 | D:9      | Reached * piety under Hepliaklqana
 15232 | D:9      | Killed Grum
 15350 | D:9      | Found a runed translucent gate.
 15350 | D:9      | Found a runed translucent gate.
 15352 | D:9      | Found a runed translucent gate.
 15352 | D:9      | Noticed MrShunz's ghost (novice VSBr)
 16080 | D:10     | Entered Level 10 of the Dungeon
 16889 | D:10     | Found a sacrificial altar of Ru.
 16951 | D:10     | Reached XP level 12. HP: 81/81 MP: 18/24
 17469 | D:11     | Found a glowing golden altar of the Shining One.
 17479 | D:11     | Noticed Snorg
 17503 | D:11     | Killed Snorg
 17921 | D:11     | Noticed a four-headed hydra
 17932 | D:11     | Killed a four-headed hydra
 18224 | D:11     | Reached ** piety under Hepliaklqana
 18225 | D:11     | Remembered your ancestor Zolin as a knight
 18354 | D:11     | Noticed a two-headed ogre
 18359 | D:11     | Noticed a two-headed ogre
 18365 | D:11     | Killed a two-headed ogre
 18792 | D:11     | Killed a two-headed ogre
 19103 | D:11     | Noticed a rakshasa
 19129 | D:11     | Noticed a boulder beetle
 19142 | D:11     | Killed a boulder beetle
 19153 | D:11     | Killed a rakshasa
 19869 | D:12     | Noticed Rupert
 20176 | Lair:1   | Entered Level 1 of the Lair of Beasts
 20196 | Lair:1   | Reached XP level 13. HP: 88/88 MP: 21/26
 20250 | Lair:1   | Noticed Gastronok
 20271 | Lair:1   | Killed Gastronok
 20272 | Lair:1   | Reached skill level 10 in Ice Magic
 20779 | Lair:1   | Noticed Beaer's ghost (novice SpEE)
 21064 | Lair:1   | Found a runed translucent gate.
 21072 | Lair:1   | Found a runed translucent gate.
 21073 | Lair:1   | Found a runed translucent gate.
 21312 | Lair:1   | Acquired the -1 pair of boots of the Gloaming {rC+ Dex+4}
 21984 | Lair:2   | Reached skill level 10 in Spellcasting
 22324 | Lair:1   | Learned a level 5 spell: Freezing Cloud
 22685 | Lair:2   | Found a staircase to the Snake Pit.
 22868 | Lair:2   | Reached *** piety under Hepliaklqana
 23027 | Lair:2   | HP: 4/89 [poisoned by a cane toad]
 24203 | Lair:2   | Reached skill level 10 in Dodging
 24616 | Lair:2   | Acquired the +3 pair of gloves of Qyrahilyila {rC+}
 24966 | Lair:3   | Reached skill level 10 in Stealth
 25757 | Lair:3   | Reached skill level 10 in Invocations
 25757 | Lair:3   | Reached XP level 14. HP: 92/97 MP: 7/28
 25879 | Lair:3   | Found a staircase to the Swamp.
 28105 | Lair:4   | Found a staircase to the Slime Pits.
 28918 | Lair:4   | Learned a level 6 spell: Simulacrum
 29318 | Lair:4   | Reached **** piety under Hepliaklqana
 29978 | Lair:5   | Entered Level 5 of the Lair of Beasts
 30998 | Lair:5   | Reached skill level 10 in Fighting
 30998 | Lair:5   | Reached skill level 10 in Short Blades
 30998 | Lair:5   | Reached skill level 10 in Long Blades
 30998 | Lair:5   | Reached skill level 10 in Axes
 30998 | Lair:5   | Reached skill level 10 in Maces & Flails
 30998 | Lair:5   | Reached skill level 10 in Polearms
 30998 | Lair:5   | Reached skill level 10 in Staves
 30998 | Lair:5   | Reached skill level 10 in Ranged Weapons
 30998 | Lair:5   | Reached skill level 10 in Throwing
 30998 | Lair:5   | Reached skill level 10 in Armour
 30998 | Lair:5   | Reached skill level 10 in Shields
 30998 | Lair:5   | Reached skill level 10 in Unarmed Combat
 30998 | Lair:5   | Reached skill level 10 in Evocations
 31119 | Lair:5   | Reached XP level 15. HP: 99/103 MP: 30/30
 31795 | Orc:1    | Entered Level 1 of the Orcish Mines
 31923 | Orc:1    | Reached ***** piety under Hepliaklqana
 31964 | Orc:2    | Entered Level 2 of the Orcish Mines
 32009 | Orc:2    | Noticed Saint Roka
 32029 | Orc:2    | Killed Saint Roka
 32157 | Orc:2    | Found Ogolurie's Assorted Antiques.
 32228 | Orc:1    | Found a frozen archway.
 32257 | IceCv    | Entered an ice cave
 32262 | IceCv    | Found a transporter.
 32415 | IceCv    | Found a transporter.
 33682 | Orc:2    | Found Cenuduta's Jewellery Boutique.
 33855 | Orc:2    | Found Eloxzira's Antique Weapon Boutique.
 34007 | Orc:2    | Found Cuhace's Antique Armour Boutique.
 34040 | Orc:2    | Found a staircase to the Elven Halls.
 34103 | Orc:2    | Found Ucefo's General Store.
 36108 | D:12     | Paralysed by Rupert for 3 turns
 36110 | D:12     | Killed Rupert
 36322 | D:12     | Noticed Azrael
 36535 | D:12     | Killed Azrael
 37094 | D:13     | Noticed Urug
 37094 | D:13     | Found a gate to the Vaults.
 38674 | D:13     | Killed Urug
 39293 | D:13     | Noticed Kirke
 39305 | D:13     | Killed Kirke
 39621 | D:13     | Reached XP level 16. HP: 80/111 MP: 26/32
 39868 | D:13     | Reached XP level 17. HP: 117/117 MP: 33/33
 40798 | Orc:2    | Bought a ring of willpower for 350 gold pieces
 41757 | D:15     | Entered Level 15 of the Dungeon
 41806 | D:15     | Found a broken altar of Ashenzari.
 41899 | D:15     | Reached ****** piety under Hepliaklqana
 42032 | D:15     | Found a staircase to the Depths.
 43733 | Snake:1  | Entered Level 1 of the Snake Pit
 43808 | D:7      | Bought a Fen Folio for 504 gold pieces
 43814 | D:7      | Learned a level 5 spell: Summon Forest
 43897 | Snake:1  | HP: 4/117 [naga sharpshooter/bolt (15)]
 44301 | Lair:2   | Slain by a black mamba

Illustrated notes

Levels and vault maps discovered:
D:1:      nicolae_arrival_washed_ashore, layout_rooms, minmay_close_crescents
D:2:      layout_loops_ring, basic_altar, kennysheep_generic_room_8,
          uniq_sigmund, uniq_crazy_yiuf_cottage, uniq_jessica
D:3:      layout_rooms, mainiacjoe_overflow_paths, mainiacjoe_overflow_catwalk,
          gup_sewer_entry_bubbles
D:4:      layout_basic, nzn_hepliaklqana_mist_gate
D:5:      cheibrodos_fzero, layout_basic, okawaru_trees_2,
          grunt_decor_mini_mirrors
D:6:      minmay_clustersquares, layout_loops_ring,
          mainiacjoe_overflow_alcove_4, minmay_temple_entry_butterflies,
          lightli_corner_chamber
D:7:      layout_basic, mainiacjoe_overflow_six_doors_small, serial_shops,
          nicolae_shop_behind_doors
D:8:      layout_gridville, mainiacjoe_overflow_chevrons,
          due_lair_maze_entry_diamond, enter_bailey_3
D:9:      cheibrodos_two_vegetables, layout_small_grid, david_orc_2,
          gammafunk_ghost_nasty_kobolds, minmay_misc_feat_tiny, uniq_grum,
          uniq_amaemon
D:10:     layout_basic, old_standard_altar
D:11:     wad_guarded_room, layout_basic, nicolae_tso_carved_into_rock,
          uniq_snorg
D:12:     layout_roguey, nzn_sisyphean_effort, uniq_rupert, uniq_azrael
D:13:     layout_gridville, david_vaults_3, uniq_kirke
D:14:     layout_irregular_city, serial_glass, glass_columns_b, glass_columns_b,
          feat_on_display, minmay_strange_pillars, due_unseen_surprise,
          amcnicky_mini_corridor_feature, minivault_7
D:15:     gammafunk_depths_entry_grave, layout_irregular_city,
          evilmike_ruin_ashenzari
Temple:   eino_temple_lava
Lair:1:   layout_loops_ring, gammafunk_ghost_hydra_chop, grunt_megastairs_5,
          uniq_gastronok
Lair:2:   dreamdust_cave_troll, layout_concentric_octagons,
          minmay_snake_entry_six_corridors
Lair:3:   layout_loops_ring, swamp_mist, nicolae_quartered_pool_little,
          grunt_megastairs_4
Lair:4:   layout_hall_layers, minmay_slime_entry_pillars,
          bobbens_ice_dragon_lair, lemuel_fruit_fields
Lair:5:   minmay_lair_end_enchanted_forest, layout_gridlike,
          infiniplex_staircase_pool
Snake:1:  layout_onion
Orc:1:    layout_caves, portal_ice_cave_entry_imps
Orc:2:    grunt_orc_cross, layout_diamond_mine, serial_shops,
          nicolae_shop_tiny_statue_garden

Skill      XL: |  1  2  3  4  5  6  7  8  9 10 11 12 13 14 15 16 17 |
---------------+----------------------------------------------------+-----
Spellcasting   | 5 6 7 8 9 10 11 12 | 12.5
Invocations    | 1 2 3 4 5 6 7 8 10 11 12 | 12.5
Fighting       | 1 2 3 5 6 7 8 9 10 11 | 11.5
Short Blades   | 1 2 3 5 6 7 8 9 10 11 | 11.5
Long Blades    | 1 2 3 5 6 7 8 9 10 11 | 11.5
Axes           | 1 2 3 5 6 7 8 9 10 11 | 11.5
Maces & Flails | 1 2 3 5 6 7 8 9 10 11 | 11.5
Polearms       | 1 2 3 5 6 7 8 9 10 11 | 11.5
Staves         | 1 2 3 5 6 7 8 9 10 11 | 11.5
Ranged Weapons | 1 2 3 5 6 7 8 9 10 11 | 11.5
Throwing       | 1 2 3 5 6 7 8 9 10 11 | 11.5
Armour         | 1 2 3 5 6 7 8 9 10 11 | 11.5
Shields        | 1 2 3 5 6 7 8 9 10 11 | 11.5
Unarmed Combat | 1 2 3 5 6 7 8 9 10 11 | 11.5
Evocations     | 1 2 3 5 6 7 8 9 10 11 | 11.5
Conjurations   | 1 2 3 4 5 6 7 8 9 |  9.7
Hexes          | 1 2 3 4 5 6 7 8 9 |  9.7
Summonings     | 1 2 3 4 5 6 7 8 9 |  9.7
Necromancy     | 1 2 3 4 5 6 7 8 9 |  9.7
Translocations | 1 2 3 4 5 6 7 8 9 |  9.7
Transmutations | 1 2 3 4 5 6 7 8 9 |  9.7
Fire Magic     | 1 2 3 4 5 6 7 8 9 |  9.7
Air Magic      | 1 2 3 4 5 6 7 8 9 |  9.7
Earth Magic    | 1 2 3 4 5 6 7 8 9 |  9.7
Poison Magic   | 1 2 3 4 5 6 7 8 9 |  9.7
Dodging        | 5 6 7 8 9 10 11 12 | 12.4
Stealth        | 5 6 7 8 9 10 11 12 | 12.2
Ice Magic      | 8 9 10 11 12 | 12.0

Action                     |  1- 3 |  4- 6 |  7- 9 | 10-12 | 13-15 | 16-18 || total
---------------------------+-------+-------+-------+-------+-------+-------++-------
  Melee: Dagger            |    41 |    23 |       |       |       |       ||    64
         Bite              |     2 |     6 |    20 |    56 |    95 |    30 ||   209
         Short sword       |       |    38 |   195 |   299 |       |       ||   532
         Punch             |       |     2 |     5 |       |       |       ||     7
         Trident           |       |       |       |   274 |   818 |       ||  1092
         Demon trident     |       |       |       |       |    71 |   223 ||   294
  Throw: Dart              |       |     1 |     6 |    11 |       |       ||    18
         Boomerang         |       |       |       |     1 |       |       ||     1
   Cast: Freeze            |    41 |    34 |    21 |     2 |       |       ||    98
         Frozen Ramparts   |     1 |     8 |    42 |    51 |    16 |     2 ||   120
         Ozocubu's Armour  |     1 |     8 |    29 |    33 |    21 |     3 ||    95
         Summon Ice Beast  |       |       |       |    16 |    16 |     1 ||    33
         Freezing Cloud    |       |       |       |       |    63 |     6 ||    69
         Simulacrum        |       |       |       |       |     9 |       ||     9
         Summon Forest     |       |       |       |       |       |     1 ||     1
 Invoke: Ancestor Life: Kn |       |       |       |     1 |       |       ||     1
         Ancestor Identity |       |       |       |     1 |       |       ||     1
         Recall Ancestor   |       |       |       |       |     2 |       ||     2
         Idealise          |       |       |       |       |       |     2 ||     2
  Evoke: Wand              |       |       |     1 |     1 |     8 |       ||    10
    Use: Scroll            |       |       |     2 |    14 |    11 |     4 ||    31
         Potion            |       |       |       |     2 |     2 |     2 ||     6
   Stab: Sleeping          |     6 |     5 |     4 |    13 |    15 |     2 ||    45
         Distracted        |       |       |       |     1 |    10 |     5 ||    16
 Armour: Robe              |    10 |    21 |    25 |       |       |       ||    56
         Acid dragon scale |       |       |    43 |   167 |    96 |    49 ||   355
         Skin              |       |       |       |     4 |       |       ||     4
         Leather armour    |       |       |       |       |   110 |    13 ||   123
  Dodge: Dodged            |    55 |    55 |   112 |   280 |   402 |   112 ||  1016
  Block: Buckler           |       |       |    11 |   136 |   194 |    34 ||   375
         Kite shield       |       |       |       |       |       |    55 ||    55

Table legend: (Time is in decaauts)
 A = Elapsed time spent in this place.
 B = Non-inter-level travel time spent in this place.
 C = Inter-level travel time spent in this place.
 D = Time resting spent in this place.
 E = Time spent auto-exploring this place.
 F = Levels seen in this place.
 G = Mean time per level.
                   A        B        C        D        E       F      G
               +--------+--------+--------+--------+--------+-----+--------+
         Total |  44113 |  41677 |   2436 |  20950 |  13948 |  27 | 1633.8 |
       Dungeon |  27090 |  25244 |   1846 |  11627 |   9587 |  15 | 1806.0 |
        Temple |     78 |     78 |      0 |      0 |     50 |   1 |   78.0 |
          Lair |  11772 |  11369 |    403 |   6285 |   3550 |   5 | 2354.4 |
     Snake Pit |     22 |     20 |      2 |      0 |      0 |   1 |   22.0 |
  Orcish Mines |   1758 |   1573 |    185 |    496 |    536 |   2 |  879.0 |
         Sewer |    392 |    392 |      0 |    154 |    125 |   1 |  392.0 |
        Bailey |   2269 |   2269 |      0 |   1790 |     99 |   1 | 2269.0 |
      Ice Cave |    727 |    727 |      0 |    598 |      1 |   1 |  727.0 |
               +--------+--------+--------+--------+--------+-----+--------+

Top non-repeatable levels by time:
     D:9: 3938 daAuts
  Lair:2: 3816 daAuts
    D:11: 3154 daAuts
    D:12: 2898 daAuts
  Lair:3: 2677 daAuts
     D:5: 2550 daAuts
  Bailey: 2269 daAuts
  Lair:4: 2063 daAuts
     D:4: 1661 daAuts
  Lair:1: 1652 daAuts
    D:14: 1615 daAuts
    D:15: 1608 daAuts
  Lair:5: 1564 daAuts
     D:6: 1450 daAuts
    D:13: 1435 daAuts
